 Dungeon Crawl Stone Soup version 0.21.1-1-g345015fe64 (webtiles) character file.

5379 RobertB the Cleaver (level 10, -1/77 HPs)
             Began as a Human Fighter on July 21, 2018.
             Was a High Priest of the Shining One.
             Slain by a demonic crawler (2 damage)
             ... summoned by a deep elf mage
             ... on level 9 of the Dungeon on July 22, 2018.
             The game lasted 03:54:00 (9386 turns).

RobertB the Cleaver (Human Fighter)                 Turns: 9386, Time: 03:54:01

Health: -1/77      AC: 18    Str: 17      XL:     10   Next: 98%
Magic:  10/10      EV:  8    Int: 10      God:    the Shining One [*****.]
Gold:   524        SH:  0    Dex: 15 (16) Spells: 7/9 levels left

rFire    . . .     SeeInvis .   T - +6 battleaxe
rCold    . . .     Gourm    .   (shield currently unavailable)
rNeg     + + .     Faith    .   Y - +0 plate armour
rPois    .         Spirit   .   L - +2 helmet
rElec    .         Reflect  .   (no cloak)
rCorr    +         Harm     .   (no gloves)
MR       .....                  K - +0 pair of boots
Stlth    ..........             (no amulet)
HPRegen  0.22/turn              g - ring of resist corrosion
MPRegen  0.12/turn              (no ring)

@: glowing, drained
A: agile 1, low mp 1, shaggy fur 1, evolution 1, sturdy frame 1
a: Divine Shield, Cleansing Flame, Summon Divine Warrior, Renounce Religion


You were on level 9 of the Dungeon.
You worshipped the Shining One.
The Shining One was extremely pleased with you.
You were not hungry.

You visited 2 branches of the dungeon, and saw 10 of its levels.
You also visited: Ossuary.

You collected 524 gold pieces.

Inventory:

Hand Weapons
 a - a +2 war axe
 b - a +2 flail of venom
 d - a +3 great sword
 e - a +0 shortbow
 h - a +1 great sword
 i - a +0 trident of distortion
 n - a +3 flail of protection
 s - a cursed -2 whip
 t - a +0 long sword
 x - a +0 dagger
 A - a +4 quarterstaff of chaos
 E - a +0 mace
 F - a +0 dagger of draining
 I - a +0 hunting sling
 N - a +0 flail
 P - a +0 rapier
 Q - a +0 falchion
 R - a +0 battleaxe
 T - a +6 battleaxe (weapon)
Missiles
 l - 161 stones (quivered)
 m - 92 arrows
 p - 51 sling bullets
 q - 17 tomahawks
 v - 36 bolts
 y - 48 poisoned needles
 X - 2 throwing nets
Armour
 c - a +0 shield
 B - a +3 scale mail
 K - a +0 pair of boots (worn)
 L - a +2 helmet (worn)
 O - a +0 helmet
 S - a +0 buckler of protection
 W - a +0 plate armour
 Y - a +0 plate armour (worn)
Jewellery
 g - a ring of resist corrosion (left hand)
Wands
 r - a wand of digging (5)
 C - a wand of iceblast (1)
 D - a wand of polymorph (11)
 U - a wand of flame (20)
Scrolls
 o - a scroll of fog
 u - a scroll of amnesia
 z - 2 scrolls of fear
 J - 4 scrolls of remove curse
 M - 3 scrolls of identify
Potions
 j - 4 potions of magic
 k - a potion of curing
 w - a potion of lignification
 H - 2 potions of mutation
Books
 G - a book of Conjurations

   Spells                             Type                      Level
   a - Magic Dart                     Conjuration                  1
   b - Searing Ray                    Conjuration                  2
   c - Dazzling Spray                 Conjuration/Hexes            3
   d - Fulminant Prism                Conjuration/Hexes            4
   e - Force Lance                    Conjuration/Translocation    4
   f - Iskenderun's Mystic Blast      Conjuration                  4
Comestibles
 f - 2 rations


   Skills:
 + Level 6.5(6.1) Fighting
 + Level 8.2(8.7) Axes
 + Level 6.1(7.7) Maces & Flails
 + Level 2.9(3.6) Slings
 + Level 4.2(4.3) Throwing
 + Level 6.5(6.0) Armour
 + Level 3.7(3.3) Dodging
 + Level 0.7(0.3) Stealth
 + Level 5.1(4.7) Shields
 + Level 0.3(0.0) Unarmed Combat
 + Level 0.1(0.0) Spellcasting
 + Level 0.1(0.0) Conjurations
 + Level 0.4(0.0) Invocations
 + Level 1.5(1.1) Evocations


You had 7 spell levels left.
You knew the following spells:

 Your Spells              Type           Power        Failure   Level  Hunger
a - Searing Ray           Conj           #.....       100%        2    ###....


Dungeon Overview and Level Annotations

Branches:
Dungeon (9/15)             Temple (1/1) D:4
   Lair: D:8-11         Orc: D:9-12

Altars:
Ashenzari
Cheibriados
Dithmenos
Elyvilon
Gozag
Hepliaklqana
Kikubaaqudgha
Makhleb
Nemelex Xobeh
Okawaru
Qazlal
Ru
Sif Muna
Trog
Uskayaw
Vehumet
Xom
Zin
The Shining One
Beogh


Innate Abilities, Weirdness & Mutations

You are agile. (Dex +2)
Your magical capacity is low. (-10% MP)
You are covered in fur. (AC +1)
You evolve.
Your movements are slightly less encumbered by armour. (ER -2)


Message History

You closely miss the deep elf mage.
The deep elf mage is heavily wounded.
You slash the chaos spawn! You slash the demonic crawler!
The demonic crawler completely misses you.
The demonic crawler hits you but does no damage.
The demonic crawler hits you.
* * * LOW HITPOINT WARNING * * *
The chaos spawn hits you.
* * * LOW HITPOINT WARNING * * *
The chaos spawn freezes you!
* * * LOW HITPOINT WARNING * * *
The demonic crawler hits you but does no damage. x3
The deep elf mage hits you but does no damage.
The deep elf mage points at you and mumbles some strange words.
The bolt of negative energy hits the demonic crawler.
The demonic crawler completely resists.
The bolt of negative energy hits you! You partially resist.
You feel drained.
* * * LOW HITPOINT WARNING * * *
The demonic crawler hits you.
You die...

#############
#............
#.....$......
#.........(...
#.............
#............. #
#...[......?..
#.#...<4r.......
#.'...@r4r......
###....sr.......
#......=.((..(
#......e......
#########'####
..# .# #


You could see a demonic crawler, a deep elf mage, 2 chaos spawn and 4 hell rats.

Vanquished Creatures
  A two-headed ogre (D:8)
  Pikel (D:5)
  The ghost of Starbugs the Skirmisher, an amateur DsFi of Makhleb (D:4)
  Grinder (D:5)
  A hippogriff (D:8)
  Menkaure (D:5)
  Edmund (D:6)
  2 ice beasts
  6 orc warriors (D:8)
  A slave (D:5)
  2 phantoms
  An ogre (D:7)
  The ghost of tidbits the Charmwright, an amateur GnWn (D:5)
  A centaur (D:6)
  2 bullfrogs
  An elf zombie (Ossuary)
  3 gnoll sergeants
  A wyvern skeleton (D:7)
  2 scorpions
  14 wights
  3 howler monkeys (D:7)
  A crimson imp (D:8)
  2 centaur zombies
  A quasit (D:9)
  3 human zombies (Ossuary)
  2 hounds (D:7)
  5 orc priests
  Crazy Yiuf (D:6)
  A bullfrog skeleton (D:8)
  A jelly (D:6)
  5 orc wizards
  2 centaur skeletons (D:6)
  An iguana (D:8)
  A worker ant (D:8)
  A killer bee zombie (D:7)
  2 mummies (Ossuary)
  A worker ant zombie (D:6)
  10 gnolls
  11 adders
  2 shadow imps (D:5)
  An ooze (D:3)
  2 adder zombies (Ossuary)
  An adder skeleton (D:8)
  2 dart slugs (D:3)
  4 leopard geckos
  35 orcs
  3 giant cockroaches
  6 goblins
  4 hobgoblins
  15 jackals
  A quokka (D:5)
  5 bats
  4 frilled lizards
  A goblin zombie (Ossuary)
  7 hobgoblin zombies (Ossuary)
  A jackal skeleton (D:7)
  2 jackal zombies (Ossuary)
  3 kobolds
  12 kobold zombies (Ossuary)
  7 orc zombies (Ossuary)
  A quokka skeleton (D:7)
  2 rats
  A rat zombie (Ossuary)
220 creatures vanquished.

Vanquished Creatures (others)
  A slave (D:5)
  2 jackals (D:5)
3 creatures vanquished.

Grand Total: 223 creatures vanquished

Notes
Turn   | Place    | Note
-------+----------+-------------------------------------------
     0 | D:1      | RobertB the Human Fighter began the quest for the Orb.
     0 | D:1      | Reached XP level 1. HP: 18/18 MP: 1/1
   667 | D:1      | Reached XP level 2. HP: 24/24 MP: 2/2
  1002 | D:2      | Reached XP level 3. HP: 25/29 MP: 3/3
  1499 | D:2      | Reached XP level 4. HP: 35/35 MP: 4/4
  1693 | D:3      | Learned a level 3 spell: Dazzling Spray
  1724 | D:3      | Found a snail-covered altar of Cheibriados.
  1916 | D:3      | Reached skill level 3 in Axes
  2370 | D:4      | Noticed Starbugs's ghost (amateur DsFi)
  2404 | D:3      | Reached XP level 5. HP: 31/41 MP: 5/5
  2484 | D:3      | Learned a level 2 spell: Searing Ray
  3362 | D:4      | Killed Starbugs's ghost
  3362 | D:4      | Reached skill level 4 in Axes
  3362 | D:4      | Reached skill level 1 in Dodging
  3362 | D:4      | Reached XP level 6. HP: 26/48 MP: 6/6
  3587 | D:4      | Reached skill level 1 in Throwing
  3699 | D:4      | Found a staircase to the Ecumenical Temple.
  3705 | Temple   | Entered the Ecumenical Temple
  3709 | Temple   | Became a worshipper of the Shining One
  3991 | D:5      | Entered Level 5 of the Dungeon
  3994 | D:5      | Noticed a slave
  4005 | D:5      | Noticed Pikel
  4007 | D:5      | Noticed a slave
  4019 | D:5      | Reached XP level 7. HP: 53/53 MP: 7/7
  4035 | D:5      | Found a sand-covered staircase.
  4044 | Ossuary  | Entered an ossuary
  4064 | Ossuary  | Reached * piety under the Shining One
  4181 | Ossuary  | Reached ** piety under the Shining One
  4305 | Ossuary  | Reached *** piety under the Shining One
  4359 | Ossuary  | Reached skill level 5 in Axes
  4515 | D:5      | Killed Pikel
  4515 | D:5      | Reached skill level 6 in Axes
  4515 | D:5      | Reached skill level 5 in Armour
  4515 | D:5      | Reached XP level 8. HP: 44/61 MP: 8/8
  4622 | D:5      | Noticed Grinder
  4634 | D:5      | Killed Grinder
  4634 | D:5      | Reached skill level 7 in Axes
  4634 | D:5      | Reached skill level 1 in Evocations
  4685 | D:5      | Noticed Menkaure
  4690 | D:5      | Killed Menkaure
  4743 | D:5      | Reached XP level 9. HP: 57/67 MP: 9/9
  4749 | D:5      | Found a stormy altar of Qazlal.
  4749 | D:5      | Found a white marble altar of Elyvilon.
  4749 | D:5      | Found a glowing silver altar of Zin.
  4749 | D:5      | Found an iron altar of Okawaru.
  4841 | D:5      | Gained mutation: You evolve. [potion of mutation]
  4841 | D:5      | Gained mutation: Your magical capacity is low. (-10% MP) [potion of mutation]
  4841 | D:5      | Gained mutation: You are agile. (Dex +2) [potion of mutation]
  4908 | D:5      | Noticed tidbits's ghost (amateur GnWn)
  4912 | D:5      | Killed tidbits's ghost
  5140 | D:6      | Reached skill level 5 in Fighting
  5196 | D:6      | Found a sparkling altar of Nemelex Xobeh.
  5229 | D:6      | Found an iron altar of Okawaru.
  5397 | D:6      | Reached skill level 8 in Axes
  5422 | D:6      | Reached skill level 1 in Slings
  5535 | D:6      | Noticed Edmund
  5548 | D:6      | Killed Edmund
  5628 | D:6      | Reached **** piety under the Shining One
  5734 | D:6      | Found a runed door.
  5738 | D:6      | Noticed Crazy Yiuf
  5745 | D:6      | Killed Crazy Yiuf
  6159 | D:7      | Reached skill level 1 in Maces & Flails
  6679 | D:7      | Gained mutation: Your movements are slightly less encumbered by armour. (ER -2) [evolution]
  6725 | D:7      | Reached XP level 10. HP: 72/75 MP: 9/9
  7274 | D:8      | Found a sacrificial altar of Ru.
  7317 | D:8      | Reached ***** piety under the Shining One
  7676 | D:8      | Noticed a two-headed ogre
  7695 | D:8      | Killed a two-headed ogre
  7695 | D:8      | Reached skill level 5 in Maces & Flails
  8426 | D:8      | Reached skill level 5 in Shields
  8544 | D:8      | Found a roughly hewn altar of Beogh.
  8850 | D:8      | The Shining One protects you from harm!
  9115 | D:8      | Gained mutation: You are covered in fur. (AC +1) [evolution]
  9373 | D:9      | Noticed a deep elf mage
  9378 | D:9      | Noticed a demonic crawler
  9386 | D:9      | HP: 1/77 [deep elf mage/bolt of negative energy (6)]
  9386 | D:9      | Slain by a demonic crawler

Skill      XL: |  1  2  3  4  5  6  7  8  9 10 |
---------------+-------------------------------+-----
Axes           | 3 4 6 7 8 |  8.2
Armour         | 4 5 6 |  6.5
Dodging        | 1 2 3 |  3.7
Throwing       | 1 2 3 4 |  4.2
Fighting       | 4 5 6 |  6.5
Shields        | 4 5 |  5.1
Evocations     | 1 |  1.5
Slings         | 1 2 |  2.9
Maces & Flails | 3 6 |  6.1
Stealth        | |  0.7
Unarmed Combat | |  0.3
Spellcasting   | |  0.1
Conjurations   | |  0.1
Invocations    | |  0.4

Action                   |  1- 3 |  4- 6 |  7- 9 | 10-12 || total
-------------------------+-------+-------+-------+-------++-------
Melee: War axe           |    51 |    71 |   158 |       ||   280
       Unarmed           |       |     4 |     3 |       ||     7
       Flail             |       |       |    94 |   277 ||   371
       Great sword       |       |       |       |    15 ||    15
       Battleaxe         |       |       |       |     5 ||     5
 Fire: Hunting sling     |       |       |    18 |    65 ||    83
Throw: Javelin           |    14 |    16 |    60 |       ||    90
       Stone             |     1 |       |    50 |    62 ||   113
Invok: Divine Shield     |       |       |       |     3 ||     3
       Cleansing Flame   |       |       |       |     1 ||     1
Evoke: Wand              |       |       |     8 |     5 ||    13
  Use: Scroll            |     7 |    10 |     3 |     6 ||    26
       Potion            |     1 |     4 |     7 |    10 ||    22
  Eat: Chunk             |     2 |     1 |     2 |     1 ||     6
       Ration            |       |     2 |     2 |     3 ||     7
Armor: Scale mail        |    26 |    36 |    82 |   111 ||   255
       Skin              |       |     2 |       |     1 ||     3
       Plate armour      |       |       |       |    79 ||    79
Dodge: Dodged            |    10 |    22 |    76 |   193 ||   301
Block: Shield            |    28 |    46 |    73 |       ||   147
       Buckler           |       |       |       |    99 ||    99
       Rpst.: Great sword |       |       |       |     2 ||     2
